AoeStats
← 俄佐立仲裁者泰菲力

Arena

510088665Analyzed
4v4 RM · 3d ago on Sep 29, 2026· 44m 17s· 8 players
Game mode
Random Map
Map size
Large (8 player)
Population
200
Speed
Normal
Resources
Standard
Victory
Conquest
Starting age
Dark Age
Ending age
Imperial Age
RankedLock teamsTeams togetherTeam positionsShared explorationLock speedFull tech treeHidden civsTurbo modeCheats
Victory
Defeat
🇹🇼 Hindustanis · Taiwan
1895
+13
🇹🇼 Inca · Taiwan
1892
+13
🇹🇼 Armenians · Taiwan
1872
+14
🇹🇼 Tupi · Taiwan
1769
+17
🇭🇰 Franks · Hong Kong SAR China
1890
-17
🇭🇰 Teutons · Hong Kong SAR China
1887
-17
🇨🇳 Malians · China
1819
-14
🇭🇰 Koreans · Hong Kong SAR China
1688
-9
catastrophe
10:32 Feudal Age
11:17 Loom
15:09 Castle Age
13:38 Fletching
36:56 Wheelbarrow
38:43 Hand Cart
38:14 Town Watch
38:20 Double-Bit Axe
38:17 Horse Collar
39:38 Gold Mining
40:02 Bow Saw
43:20 Imperial Age
42:03 Scale Barding Armor
42:08 Forging
42:48 Light Cavalry
43:39 Bloodlines
43:38 Heavy Plow
43:30 Stone Mining
44:15 Gold Shaft Mining
44:18 Husbandry
欺负我有什么好
10:37 Feudal Age
14:47 Castle Age
12:38 Double-Bit Axe
12:58 Horse Collar
18:37 Bow Saw
20:36 Wheelbarrow
23:29 Hand Cart
27:58 Imperial Age
25:14 Loom
25:38 Heavy Plow
25:50 Town Watch
26:18 Bloodlines
26:15 Scale Barding Armor
26:04 Gold Mining
26:15 Stone Mining
27:16 Chain Barding Armor
28:03 Cavalier
29:22 Plate Barding Armor
28:57 Forging
30:58 Chemistry
30:53 Conscription
30:49 Squires
31:33 Padded Archer Armor
31:26 Paladin
33:06 Stone Shaft Mining
35:52 Iron Casting
35:33 Leather Archer Armor
36:18 Crenellations
35:50 Fletching
37:56 Masonry
39:30 Hoardings
T
10:59 Feudal Age
14:54 Castle Age
12:52 Double-Bit Axe
15:24 Light Cavalry
21:24 Wheelbarrow
20:42 Gold Mining
22:11 Bow Saw
22:50 Stone Mining
24:00 Loom
26:14 Gold Shaft Mining
26:11 Hand Cart
25:41 Town Watch
31:05 Imperial Age
28:42 Scale Barding Armor
29:32 Ballistics
29:27 Husbandry
30:03 Chain Barding Armor
29:54 Forging
30:00 Treadmill Crane
32:33 Plate Barding Armor
32:20 Conscription
31:25 Cavalier
31:31 Cavalier
33:17 Iron Casting
33:04 Elite Throwing Axeman
33:46 Scale Mail Armor
33:58 Squires
35:38 Blast Furnace
35:09 Fletching
35:57 Coinage
36:36 Chain Mail Armor
37:08 Banking
37:01 Arson
37:55 Siege Engineers
38:14 Paladin
39:55 Masonry
40:03 Bodkin Arrow
43:16 Plate Mail Armor
43:49 Chemistry
俄佐立仲裁者泰菲力
11:23 Feudal Age
9:42 Loom
15:10 Castle Age
13:45 Double-Bit Axe
14:09 Horse Collar
14:49 Town Watch
18:42 Gold Mining
20:25 Bow Saw
20:40 Fletching
22:31 Bodkin Arrow
25:40 Devotion
26:49 Wheelbarrow
31:17 Imperial Age
30:05 Thumb Ring
31:05 Crossbowman
32:14 Hand Cart
32:01 Bracer
34:38 Arrowslits
36:00 Town Patrol
37:31 Murder Holes
39:12 Gold Shaft Mining
40:38 Ballistics
43:41 Two-Man Saw
The72
10:43 Feudal Age
11:47 Double-Bit Axe
11:57 Horse Collar
14:24 Castle Age
15:32 Bow Saw
19:37 Wheelbarrow
19:12 Loom
21:21 Hand Cart
22:09 Gold Mining
22:11 Stone Mining
28:18 Imperial Age
25:49 Scale Mail Armor
25:50 Gold Mining
26:51 Chain Mail Armor
27:08 Forging
28:24 Gold Shaft Mining
27:51 Heavy Plow
27:14 Pikeman
27:54 Squires
28:15 Champi Runner
28:19 Halberdier
29:30 Plate Mail Armor
28:34 Capped Ram
30:08 Siege Ram
35:12 Siege Engineers
34:32 Champi Runner
36:05 Iron Casting
34:54 Champi Runner
34:57 Elite Kamayuk
35:59 Conscription
36:19 Fabric Shields
39:29 Hoardings
40:16 Blast Furnace
39:02 Treadmill Crane
40:19 Coinage
42:45 Banking
42:59 Fletching
43:33 Ballistics
44:13 Chemistry
43:25 Masonry
DYS.K
10:45 Feudal Age
9:09 Loom
14:31 Castle Age
12:28 Double-Bit Axe
12:53 Loom
14:55 Fletching
14:49 Horse Collar
15:50 Bow Saw
24:26 Bodkin Arrow
25:59 Heavy Plow
26:59 Ballistics
26:39 Town Watch
27:43 Wheelbarrow
29:38 Hand Cart
30:37 Padded Archer Armor
30:20 Champi Runner
31:04 Champi Warrior
32:12 Squires
33:04 Pikeman
37:15 Imperial Age
34:41 Stone Mining
34:42 Gold Mining
36:10 Leather Archer Armor
36:53 Gold Shaft Mining
38:01 Bracer
37:41 Elite Blackwood Archer
39:20 Curare
40:03 Conscription
40:52 Chemistry
41:46 Ring Archer Armor
41:04 Halberdier
43:26 Scale Mail Armor
43:37 Forging
LeeChia
6:18 Loom
8:26 Feudal Age
10:07 Fletching
16:14 Double-Bit Axe
16:10 Horse Collar
24:25 Castle Age
25:22 Bow Saw
25:56 Wheelbarrow
27:21 Gold Mining
28:55 Town Watch
31:41 Imperial Age
29:40 Scale Mail Armor
30:08 Squires
31:24 Hand Cart
30:35 Pikeman
31:31 Chain Mail Armor
32:02 Forging
31:44 Capped Ram
32:03 Halberdier
34:09 Plate Mail Armor
34:46 Fortified Wall
36:00 Iron Casting
35:31 Stone Mining
36:16 Gambesons
38:17 Bodkin Arrow
[LuB]a61
10:36 Feudal Age
11:14 Double-Bit Axe
14:12 Castle Age
11:56 Horse Collar
15:14 Bow Saw
15:58 Wheelbarrow
20:51 Sanctity
20:35 Gold Mining
23:41 Loom
26:50 Imperial Age
25:11 Stone Mining
25:40 Hand Cart
26:46 Heavy Plow
26:47 Fletching
28:55 Chemistry
28:17 Conscription
29:05 Padded Archer Armor
29:32 Shatagni
30:16 Leather Archer Armor
34:43 Thumb Ring
34:53 Scale Barding Armor
35:32 Ring Archer Armor
35:53 Chain Barding Armor
35:32 Light Cavalry
36:13 Husbandry
36:53 Gold Shaft Mining
36:21 Grand Trunk Road
36:50 Bloodlines
36:52 Forging
36:38 Town Watch
38:12 Two-Man Saw
37:08 Heavy Camel Rider
40:00 Plate Barding Armor
39:42 Imperial Camel Rider
40:58 Iron Casting
43:06 Blast Furnace
Connection lost

Rejoining the realm…

Still unreachable

The connection could not be restored.

Session expired

The server has moved on; the page needs a fresh start.